Map: Lost and Found LE

Players

Kelazhur - Winner!

  • Race: Terran Terran
  • Spawn Location: 7:00

DeMusliM

  • Race: Terran Terran
  • Spawn Location: 1:00

Event: WCS Valencia 2018

VOD

Have the link to the VOD?

Description

Time

  • Played on: July 12, 2018, 12:49 p.m.
  • Length: 5:40

All games in this series

Show
View Real Time Build Order
Export as new Build Order

Kelazhur Terran - Winner!

Build Orders: 1/1/1, Cyclone Opening 

Get SALT Encoding   

  12  0:00  SCV  
  13  0:12  SCV  
  14  0:16  Supply Depot  
  14  0:25  SCV  
  14  0:27  Refinery  
  15  0:38  SCV  
  16  0:44  Barracks  
  16  0:50  SCV  
  16  0:54  Refinery  
  17  1:02  SCV  
  18  1:14  SCV  
  19  1:31  Orbital Command  
  19  1:33  Factory, Reaper  
  20  1:42  Supply Depot  
  20  1:56  SCV  
  21  2:05  Reaper  
  22  2:08  SCV  
  23  2:17  Cyclone  
  23  2:20  Starport, SCV  
  27  2:30  Supply Depot  
  27  2:32  SCV  
  28  2:38  Barracks Tech Lab  
  28  2:45  SCV  
  28  2:56  Cyclone  
  28  2:57  SCV  
  32  3:06  Banshee  
  32  3:09  SCV  
  32  3:11  Supply Depot  
  36  3:21  SCV  
  36  3:30  Cyclone  
  36  3:33  SCV  
  40  3:43  Command Center  
  40  3:45  Supply Depot  
  40  3:49  SCV  
  40  3:55  Raven  
  43  4:01  SCV  
  44  4:09  Barracks Reactor, Factory Tech Lab  
  44  4:13  SCV  
  42  4:25  SCV  
  43  4:37  SCV  
  44  4:42  Siege Tank  
  47  4:48  Command Center  
  47  4:49  SCV  
  47  4:52  Marine x2  
  50  4:59  Orbital Command  
  44  5:02  SCV  
  45  5:13  Refinery  
  45  5:14  SCV  
  48  5:15  Refinery  
  46  5:26  SCV  
Show
View Real Time Build Order
Export as new Build Order

DeMusliM Terran 

Build Orders: Cyclone Opening 

Get SALT Encoding   

  12  0:00  SCV  
  13  0:13  SCV  
  14  0:17  Supply Depot  
  14  0:25  SCV  
  15  0:29  Refinery  
  15  0:38  SCV  
  16  0:44  Barracks  
  16  0:50  SCV  
  16  0:55  Refinery  
  17  1:02  SCV  
  18  1:14  SCV  
  19  1:31  Orbital Command  
  19  1:32  Factory  
  19  1:34  Reaper  
  20  1:45  Supply Depot  
  20  1:57  SCV  
  21  2:07  Reaper  
  22  2:09  SCV  
  23  2:15  Cyclone  
  23  2:21  SCV  
  27  2:33  Command Center  
  27  2:34  SCV  
  28  2:44  Starport  
  28  2:46  SCV  
  29  2:53  Factory Tech Lab  
  29  2:54  Barracks Reactor  
  28  2:58  SCV  
  29  3:06  Supply Depot  
  29  3:11  SCV  
  30  3:23  SCV  
  31  3:30  Marine x2  
  31  3:31  Cyclone  
  35  3:35  SCV  
  35  3:36  Supply Depot  
  36  3:47  SCV  
  37  3:53  Marine  
  34  3:57  Raven  
  34  3:59  SCV  
  36  4:03  Orbital Command  
  29  4:11  SCV, Orbital Command  
  29  4:16  Marine x2  
  28  4:21  Cyclone  
  28  4:23  SCV  
  27  4:35  SCV, Orbital Command  
  27  4:38  Marine x2  
  25  4:47  SCV  
  25  4:48  Viking  
  26  4:59  SCV  
  27  5:04  Factory Tech Lab  
  27  5:05  SCV  
  28  5:12  SCV  
  29  5:17  SCV  
  28  5:24  SCV  
Tags
 
Add a new tag
Caveats
  • Supply blocks, unpowered buildings, or Contaminate may cause inaccurate times.
  • Supply counts are checked every 10 seconds.